Cogmind - Beta 14 @@@ ROGUE MODE // 2024.11.18 @ 09:30:24 Player: Tereza Result: Self-destructed Performance ------------- Evolutions (2) 1000 Regions Visited (5) 1000 Robots Destroyed (37) 185 Value Destroyed (1134) 1134 Prototype IDs (0) 0 Alien Tech Used (0) 0 Bonus (0) 0 TOTAL SCORE: 3319 Bonus ------- None Cogmind --------- Core Integrity 62/550 Matter 119/300 Energy 66/100 System Corruption 0% Temperature Warm (175) Movement Rolling (130) Ox2 Location -8/Materials Parts ------- > --- POWER (1) -------- (None) > --- PROPULSION (4) --- Compact Wheel > --- UTILITY (4) ------ High-capacity Storage Unit > --- WEAPON (2) ------- (None) > --- INVENTORY (20) --- Heat Sink Coolant Injector Sensor Array Experimental Sensor Array Signal Interpreter Seismic Detector Transport Network Coupler Improved Light Armor Plating Beam Cannon Datajack Peak State ------------ > --- POWER ------------ Ion Engine > --- PROPULSION ------- Light Treads Wheel > --- UTILITY ---------- Improved Heat Sink Improved Heat Sink High-capacity Storage Unit Hardened Light Armor Plating > --- WEAPON ----------- Gatling Laser Heavy Assault Rifle > --- INVENTORY -------- Ion Engine Light Treads Light Treads Wheel Compact Wheel Heat Sink Coolant Injector Sensor Array Experimental Sensor Array Signal Interpreter Seismic Detector Transport Network Coupler Improved Targeting Computer Gatling Laser Beam Cannon Beam Cannon Light Assault Rifle Grenade Launcher Rocket Launcher Datajack [Rating: 21] Favorites ----------- Power Ion Engine Engine Ion Engine Propulsion Light Treads Treads Light Treads Wheel Wheel Utility High-capacity Storage Unit Device Improved Heat Sink Storage High-capacity Storage Unit Processor Improved Targeting Computer Protection Light Armor Plating Weapon Beam Cannon Energy Gun Small Laser Energy Cannon Beam Cannon Ballistic Gun Light Assault Rifle Ballistic Cannon Light Cannon Launcher Grenade Launcher Build | -11 -10 -10 -10 -9 -8 ------- Run | Yrd Mat Min Exi Min Mat Slots Evolved 4 | . . . . . 4 Power . | . . . . . . Propulsion 2 | . . . . . 2 Utility 2 | . . . . . 2 Weapon . | . . . . . . Parts Attached 34 | 6 4 3 . 5 16 Power 3 | 1 . 1 . . 1 Engine 3 | 1 . 1 . . 1 Core . | . . . . . . Reactor . | . . . . . . Propulsion 10 | 2 1 . . 3 4 Treads 6 | 2 . . . 2 2 Leg . | . . . . . . Wheel 4 | . 1 . . 1 2 Hover . | . . . . . . Flight . | . . . . . . Utility 7 | 1 2 1 . . 3 Device 2 | . . 1 . . 1 Storage 2 | 1 1 . . . . Processor 1 | . . . . . 1 Hackware . | . . . . . . Protection 2 | . 1 . . . 1 Artifact . | . . . . . . Weapon 14 | 2 1 1 . 2 8 Energy Gun 3 | 1 . . . . 2 Energy Cannon 3 | . 1 . . . 2 Ballistic Gun 4 | 1 . . . 2 1 Ballistic Cannon 1 | . . 1 . . . Launcher 3 | . . . . . 3 Special Weapon . | . . . . . . Impact Weapon . | . . . . . . Slashing Weapon . | . . . . . . Piercing Weapon . | . . . . . . Special Melee Weapon . | . . . . . . Unidentified Prototypes . | . . . . . . Parts Lost 23 | . . 2 . 2 19 Power 3 | . . 1 . . 2 Propulsion 6 | . . . . 1 5 Utility 5 | . . 1 . . 4 Weapon 9 | . . . . 1 8 Highest Loss Streak 19 | . . 1 . 2 19 To Critical Strikes . | . . . . . . Average Slot Usage (%) 94 | . 95 99 100 99 61 Engine 13 | . 14 14 14 14 6 Treads 13 | . 15 14 14 13 8 Wheel 13 | . 12 14 14 14 8 Device 6 | . . 1 14 14 10 Storage 13 | . 14 14 14 14 9 Protection 5 | . 9 11 . . 1 Energy Gun 3 | . 11 . . . 1 Energy Cannon 9 | . 2 14 14 14 6 Ballistic Gun 9 | . 14 1 . 13 7 Ballistic Cannon 4 | . . 12 14 . . Peak Build Rating 21 | 6 9 12 12 13 21 Average Rating 10 | 4 8 9 12 12 13 On Entrance 8 | . 6 9 12 12 13 Naked Turns . | . . . . . . Heaviest Build 58 | 10 50 54 52 52 58 Greatest Support 40 | 40 40 10 10 10 40 Greatest Overweight (x) 5 | . 4 5 5 5 5 Average Overweight (x) 4 | . 3 4 5 4 4 Largest Inventory Capacity 20 | 8 20 20 20 20 20 Average Capacity 19 | 7 19 20 20 20 20 Most Carried 20 | 6 20 20 20 20 20 Average Carried 18 | 4 16 19 20 19 17 Final Capacity 20 | 8 20 20 20 20 20 Final Carried 20 | 6 20 20 20 19 10 Class Distribution -------------------- 84% | Mutant 15% | Scavenger-Mutant Dominant Class ---------------- Mutant | -10/Materials Mutant | -10/Mines Mutant | -10/Exiles Mutant | -9/Mines Scavenger-Mutant | -8/Materials Resources | -11 -10 -10 -10 -9 -8 ----------- Run | Yrd Mat Min Exi Min Mat Matter Collected 565 | 235 104 101 . 112 13 Remotely . | . . . . . . Salvage Created 1211 | . 540 145 . 296 230 Parts 64 | . 41 6 . 10 7 Haulers Intercepted 1 | . 1 . . . . Recyclers Shooed 3 | . 3 . . . . Parts Field Recycled . | . . . . . . Retrieved Matter . | . . . . . . Parts Self-Destructed . | . . . . . . Prevented . | . . . . . . Kills | -11 -10 -10 -10 -9 -8 ------- Run | Yrd Mat Min Exi Min Mat Combat Hostiles Destroyed 35 | . 12 6 . 9 8 Guns 14 | . 11 . . 1 2 Cannons 14 | . 1 6 . 7 . AOE 5 | . . . . . 5 Classes Destroyed 8 | . 6 . . 1 1 Builder 2 | . 2 . . . . Hauler 1 | . 1 . . . . Recycler 1 | . 1 . . . . Watcher 1 | . 1 . . . . Swarmer 7 | . 4 3 . . . Grunt 24 | . 8 3 . 6 7 Heavy 1 | . . . . . 1 Assembled 3 | . . . . 3 . Best Kill Streak 6 | . 3 3 . 4 6 Combat Bots Only 6 | . 3 3 . 4 6 Max Kills in Single Turn 2 | . 1 1 . 1 2 Gunslinging . | . . . . . . Exploded 2 | . . . . . 2 Melee . | . . . . . . Uniques/NPCs Destroyed . | . . . . . . Combat | -11 -10 -10 -10 -9 -8 -------- Run | Yrd Mat Min Exi Min Mat Hostile Shots Fired 233 | . 40 29 . 37 127 Missed 55 | . 8 8 . 9 30 Damage Taken 3060 | . 336 284 . 388 2052 Core 620 | . 30 35 . 67 488 Absorbed by Shields . | . . . . . . Core Remaining (%) 73 | 100 . . . 47 . Volleys Fired 113 | . 43 19 . 23 28 Largest 2 | . 2 2 . 2 2 Hottest 140 | . 80 95 . 95 140 Shots Fired 213 | . 86 38 . 46 43 Gun 119 | . 77 . . 17 25 Cannon 85 | . 9 38 . 29 9 Launcher 9 | . . . . . 9 Special . | . . . . . . Kinetic 101 | . 43 19 . 23 16 Thermal 103 | . 43 19 . 23 18 Explosive 9 | . . . . . 9 Electromagnetic . | . . . . . . Robot Hit Streak 12 | . 9 9 . 9 12 Robot Miss Streak 6 | . 4 2 . 6 2 Penetration Max . | . . . . . . Secondary Targets . | . . . . . . Shots Hit Robots 135 | . 50 21 . 27 37 Core Hits 72 | . 28 8 . 11 25 Critical Kills 3 | . 2 . . 1 . Critical Parts Destroyed . | . . . . . . Critical Strikes 4 | . 2 1 . 1 . Meltdown 1 | . . . . 1 . Destroy 2 | . 2 . . . . Blast 1 | . . 1 . . . Melee Attacks . | . . . . . . Impact . | . . . . . . Slashing . | . . . . . . Piercing . | . . . . . . Sneak Attacks . | . . . . . . Combat Hostiles . | . . . . . . Follow-up Attacks . | . . . . . . Damage Inflicted 2610 | . 531 375 . 503 1201 Guns 945 | . 463 . . 79 403 Cannons 994 | . 68 375 . 424 127 Explosions 671 | . . . . . 671 Melee . | . . . . . . Ramming . | . . . . . . Kinetic 676 | . 175 165 . 173 163 Thermal 1263 | . 356 210 . 330 367 Explosive 671 | . . . . . 671 Electromagnetic . | . . . . . . Impact . | . . . . . . Slashing . | . . . . . . Piercing . | . . . . . . Highest Corruption . | . . . . . . Average Corruption . | . . . . . . Corruption Purged . | . . . . . . Corruption Blocked . | . . . . . . Overload Shots . | . . . . . . Overflow Damage 16 | . . . . . 16 Projectiles . | . . . . . . Explosions 16 | . . . . . 16 Melee . | . . . . . . Knockbacks 2 | . . 1 . 1 . Impact . | . . . . . . Kinetic 2 | . . 1 . 1 . Secondary . | . . . . . . Self-Inflicted Damage 140 | . . . . . 140 Shots 9 | . . . . . 9 Rammed . | . . . . . . Targets Rammed . | . . . . . . Kicked . | . . . . . . Crushed . | . . . . . . Highest Temperature 314 | . 162 314 . 18 218 Average Temperature 80 | . 38 153 . 9 92 Received Heat Transfer 1254 | . 60 165 . 147 882 Siege Activations . | . . . . . . Robots Corrupted . | . . . . . . Combat Hostiles . | . . . . . . Parts Fried . | . . . . . . Impact Corruptions . | . . . . . . Robots Melted 2 | . . . . 1 1 Combat Hostiles 2 | . . . . 1 1 Parts Melted 5 | . 2 1 . 2 . Heat Transferred 2692 | . 773 444 . 666 809 Parts Sabotaged . | . . . . . . Parts Stolen . | . . . . . . Parts Stripped . | . . . . . . Power Chain Reactions . | . . . . . . Alert | -11 -10 -10 -10 -9 -8 ------- Run | Yrd Mat Min Exi Min Mat Peak Influence 240 | . 240 203 . 121 106 Initial 93 | . . 93 . . 46 Average 76 | . 110 120 . 25 53 Maximum Alert Level 1 | . 1 1 . . . Low Security (%) 82 | 100 70 62 . 100 100 Level 1 17 | . 29 37 . . . Level 2 . | . . . . . . Level 3 . | . . . . . . Level 4 . | . . . . . . Level 5 . | . . . . . . High Security . | . . . . . . Max Security . | . . . . . . Squads Dispatched 6 | . 2 . . 2 2 Investigation 3 | . 2 . . 1 . Extermination . | . . . . . . Reinforcement 3 | . . . . 1 2 Assault . | . . . . . . Garrison . | . . . . . . Intercept . | . . . . . . Searches Triggered . | . . . . . . Construction Impeded 1 | . . . . 1 . Haulers Reinforced . | . . . . . . Active Scanning Responses . | . . . . . . Cargo Convoy Interrupts . | . . . . . . Stealth | -11 -10 -10 -10 -9 -8 --------- Run | Yrd Mat Min Exi Min Mat Distress Signals 2 | . 2 . . . . Communications Jammed . | . . . . . . Distress Signals . | . . . . . . Times Spotted 56 | . 18 7 . 16 15 Peak Tracking Total 9 | . 8 2 . 3 9 Tactical Retreats 5 | . 2 1 . 2 . Traps | -11 -10 -10 -10 -9 -8 ------- Run | Yrd Mat Min Exi Min Mat Traps Triggered 3 | . 3 . . . . Indirectly . | . . . . . . Trap Hack Attempts . | . . . . . . Triggered . | . . . . . . Disarmed . | . . . . . . Reprogrammed . | . . . . . . Reused . | . . . . . . Traps Extracted . | . . . . . . Installed . | . . . . . . Triggered . | . . . . . . Machines | -11 -10 -10 -10 -9 -8 ---------- Run | Yrd Mat Min Exi Min Mat Machines Disabled 2 | . 1 . . . 1 Max in Single Turn 1 | . 1 . . . 1 Machines Repaired . | . . . . . . Machines Dismantled . | . . . . . . Machines Sabotaged . | . . . . . . Overloaded Fab Kills . | . . . . . . Hacking | -11 -10 -10 -10 -9 -8 --------- Run | Yrd Mat Min Exi Min Mat Machines Accessed 4 | . 1 . 1 1 1 Terminals 3 | . 1 . . 1 1 Fabricators . | . . . . . . Repair Stations . | . . . . . . Recycling Units . | . . . . . . Scanalyzers . | . . . . . . Garrison Access . | . . . . . . Total Hacks 13 | . 3 . 4 3 3 Successful 6 | . 1 . 4 1 . Failed 6 | . 1 . . 2 3 Catastrophic 1 | . . . . 1 . Database Lockouts 1 | . 1 . . . . Manual 11 | . 4 . . 4 3 Terminals 9 | . 3 . . 3 3 Fabricators . | . . . . . . Repair Stations . | . . . . . . Recycling Units . | . . . . . . Scanalyzers . | . . . . . . Garrison Access . | . . . . . . Terminal Hacks 6 | . 1 . 4 1 . Record 4 | . . . 4 . . Robot Analysis 2 | . 1 . . 1 . Fabricator Hacks . | . . . . . . Repair Station Hacks . | . . . . . . Recycling Unit Hacks . | . . . . . . Scanalyzer . | . . . . . . Garrison Access Hacks . | . . . . . . Unauthorized Hacks . | . . . . . . Terminals . | . . . . . . Fabricators . | . . . . . . Repair Stations . | . . . . . . Recycling Units . | . . . . . . Scanalyzers . | . . . . . . Garrison Access . | . . . . . . Data Cores Recovered . | . . . . . . Used . | . . . . . . Hacking Detections 3 | . 1 . . 1 1 Full Trace Events 2 | . 1 . . 1 . Feedback Events . | . . . . . . Feedback Blocked . | . . . . . . Robot Schematics Acquired . | . . . . . . Robots Built . | . . . . . . Authchips . | . . . . . . Time . | . . . . . . Total Robot Build Rating . | . . . . . . Part Schematics Acquired . | . . . . . . Parts Built . | . . . . . . Authchips . | . . . . . . Time . | . . . . . . Total Part Build Rating . | . . . . . . Parts Repaired . | . . . . . . Time . | . . . . . . Parts Recycled . | . . . . . . Recycled Matter . | . . . . . . Retrieved Matter . | . . . . . . Retrieved Components . | . . . . . . Parts Scanalyzed . | . . . . . . Part Schematics Acquired . | . . . . . . Parts Damaged . | . . . . . . Bothacking | -11 -10 -10 -10 -9 -8 ------------ Run | Yrd Mat Min Exi Min Mat Used RIF Installer . | . . . . . . Robots Hacked . | . . . . . . Non-combat . | . . . . . . Combat . | . . . . . . Robot Hacks Applied . | . . . . . . Relay Couplers Released . | . . . . . . Fabnet Peak Effective % . | . . . . . . Robots Rewired . | . . . . . . Allies Hacked . | . . . . . . Hacks Repelled . | . . . . . . Allies | -11 -10 -10 -10 -9 -8 -------- Run | Yrd Mat Min Exi Min Mat Total Allies 3 | . . . . 3 . Largest Group 3 | . . . . 3 . Highest-Rated Group 40 | . . . . 40 . Highest-Rated Ally 16 | . . . . 16 . Total Orders . | . . . . . . Ally Attacks 25 | . . . . 25 . Total Damage 245 | . . . . 245 . Kills 6 | . . . . 6 . Allies Corrupted . | . . . . . . Allies Melted . | . . . . . . Intel | -11 -10 -10 -10 -9 -8 ------- Run | Yrd Mat Min Exi Min Mat Robot Analysis Total 2 | . 1 . . 1 . Derelict Logs Recovered 3 | . . 1 . 2 . Drone Launches . | . . . . . . Drone Recoveries . | . . . . . . Exploration | -11 -10 -10 -10 -9 -8 ------------- Run | Yrd Mat Min Exi Min Mat Turns Passed 2678 | 70 780 572 199 770 287 Spaces Moved 1483 | 38 424 325 129 450 117 Core 4 | 4 . . . . . Treads 72 | 34 37 . . . 1 Legs . | . . . . . . Wheels 1407 | . 387 325 129 450 116 Hover . | . . . . . . Flight . | . . . . . . Fastest Speed 50 | 50 140 140 155 140 130 Average Speed 149 | 148 141 153 155 152 153 Slowest Speed 240 | 160 240 155 155 155 240 Overloaded Moves . | . . . . . . Propulsion Burnouts . | . . . . . . Robots Hopped . | . . . . . . Cave-ins Triggered . | . . . . . . Exploration Rate (%) 45 | 5 67 60 48 83 9 Regions Visited 5 Branch Regions 3 Pre-discovered Areas 5 | . . 1 1 3 . Known Exits Taken . | . . . . . . Unknown Exits Taken 5 | 1 1 1 1 1 . Scrap Searched 3 | . . 2 . 1 . Spaces Dug . | . . . . . . Terrain Destroyed 32 | . . . . . 32 Melee . | . . . . . . Projectile . | . . . . . . AOE 32 | . . . . . 32 Terrain Rammed . | . . . . . . Walls Destroyed . | . . . . . . Machines Disabled . | . . . . . . Actions | -11 -10 -10 -10 -9 -8 --------- Run | Yrd Mat Min Exi Min Mat Total 1745 | 49 533 364 128 491 180 Wait 47 | . 24 6 . 4 13 Move 1478 | 37 423 324 128 449 117 Hop . | . . . . . . Pick Up 47 | 6 26 6 . 5 4 Fast Attach 13 | 6 1 2 . . 4 Attach 16 | . 1 1 . 3 11 Detach 1 | . 1 . . . . Swap 5 | . 2 . . 2 1 Drop 25 | . 12 6 . 5 2 Fire 113 | . 43 19 . 23 28 Melee . | . . . . . . Ram . | . . . . . . Kick . | . . . . . . Crush . | . . . . . . Escape Stasis . | . . . . . . Rewire . | . . . . . . Trap . | . . . . . . Miscellaneous . | . . . . . . Route ------- -11/Scrapyard -10/Materials (discovered 2 exits: [*Min x2]) -10/Mines -10/Exiles -9/Mines -8/Materials History --------- Turn | Location | Event 25 | -11/Scrapyard | Discovered new exit (range 15) 71 | -11/Scrapyard | Entered Materials 84 | -10/Materials | Central database locked down 306 | -10/Materials | Build established: Mutant 558 | -10/Materials | Discovered new exit (range 7) 806 | -10/Materials | Discovered new exit (range 16) 851 | -10/Materials | Entered Mines 858 | -10/Mines | Received a Rocket Launcher from a helpful Derelict 863 | -10/Mines | Met a Derelict bent on vengeance 922 | -10/Mines | Found a damaged Exp. Sensor Array with a note attached 926 | -10/Mines | Found Prototype Device 1416 | -10/Mines | Deemed a non-threat by the Exiles lab entrance 1416 | -10/Mines | Discovered new exit (range 5) 1423 | -10/Mines | Entered Exiles 1462 | -10/Exiles | Met 8R-AWN 1487 | -10/Exiles | Met EX-HEX 1549 | -10/Exiles | Met EX-DEC 1558 | -10/Exiles | Learned location of Zion (-7) 1600 | -10/Exiles | Discovered new exit (range 14) 1622 | -10/Exiles | Entered Mines 1775 | -9/Mines | Joined a pair of Derelicts in attacking an 0b10 outpost 1897 | -9/Mines | Learned location of Storage (-7) 1942 | -9/Mines | Assembled infested the area 1998 | -9/Mines | Assisted by bots powering up and referring to "LRC-V3" 2174 | -9/Mines | Core integrity fell below 50% 2196 | -9/Mines | Lost 3 allies 2381 | -9/Mines | Discovered new exit (range 8) 2392 | -9/Mines | Entered Materials 2392 | -8/Materials | Evolved 4 slots: Propulsion x2, Utility x2 2449 | -8/Materials | Build established: Scavenger-Mutant 2612 | -8/Materials | Core integrity fell below 50% 2672 | -8/Materials | Core integrity fell below 20% 2679 | -8/Materials | Self-destructed Last Messages --------------- 02646_ G-47 Trooper critical meltdown. 02648_ Critical hit (Burn: +37). 02649_ The unstable cave ceiling collapses. 02650_ R-06 Scavenger collects Aluminum Leg. 02658_ Acquired Imp. Light Armor Plating. 02664_ Acquired Particle Cannon. 02667_ Atomic Centrifuge disabled. 02667_ Critical hit (Burn: +37). 02667_ K-01 Serf collects debris. 02667_ Lgt. Treads destroyed. 02669_ Critical hit (Burn: +37). 02671_ K-01 Serf collects debris. 02671_ Critical hit (Burn: +37). 02672_ The unstable cave ceiling collapses. 02675_ K-01 Serf collects debris. 02675_ Particle Cannon destroyed. 02675_ Lgt. Treads destroyed. 02675_ G-47 Trooper destroyed. 02678_ Lgt. Assault Rifle destroyed. 02678_ K-01 Serf collects debris. Map ----- +----------------------------------------------------+ | ?????????????????????????????????????????????????? | | ?????????????????????????????????????????????????? | | ?????????????????????????????????????????????????? | | ?????????????????????????????????????????????????? | | ?????????????????????????????????????????????????? | | ?????????????????????????????????????????????????? | | ?????????????????????????????????????????????????? | | ???????????????????????????#?????????????????????? | | ??????????????????????????? ?????????????????????? | | ??????????????????????????? """??????????????????? | | ????????????????????????#?# """??????????????????? | | ???????????????????????? +?"""??????????????????? | | ????????????????????????# # ??????????????????? | | ????????????????????????# #! ??????????????????? | | ???????????????????????## # # ##?????????????????? | | ???????????????????????# # ##????????????????? | | ??????????????????????## #### #????????????????? | | ????????????????????### # #????????????????? | | ????????????????????# o ##????###########?? | | ????????????????????# ## # k####??# #?? | | ??????????????????????### # #??# #?? | | ??????????????????????# g ;###??# #?? | | ??????????????????????# """ "#????# #?? | | ??????????????????????# """gg# ##????#####+##+##?? | | ??????????????????????# g # #?????????+ #??? | | ??????????????????????# @% # #?????????# #??? | | ??????????????????????# ! # #?????????# #### | | ??????????????????????######## #?????????# | | ?????????????????????????????# #??????#+## # | | ?????????????????????????????# #??????# # | | ??????????????????????######## #??????# # | | ??????????????????????# T # #??????# #####+##+# | | ??????????????????????# # ######## #?? ?? | | ??????????????????????# """ + #?# | | ??????????????????????# """ ############?# | | ??????????????????????# """ #????????????# | | ??????????????????????# #????????????#[ | | ??????????????????????########?????????????####### | | | | | | | | | | | | | | | | | | | | | | | | | +----------------------------------------------------+ Best States ------------- Heat Dissipation 59 Energy Generation 10 Energy Capacity 250 Matter Stores 300 Matter Capacity 300 Sight Range 16 Terrain Scan Density 10 Armor Coverage 150 Evasion (%) 40 Targeting Accuracy 6 Recoil Reduction 2 Item Schematics ----------------- None Robot Schematics ------------------ None Fabricated ------------ Nothing Alien Tech Used ----------------- None Achievements -------------- None Challenges ------------ None Game ------ Seed CompactDefenseFalx Manual? 0 Play Time 00:17:33 Cumulative 115.6 hours Start 2024.11.18 @ 09:16:07 End 2024.11.18 @ 09:30:24 Sessions 1 Manual Loads 0 Difficulty Rogue Special Mode None Game No. 138 Rogue 138 Adventurer 0 Explorer 0 Win Type - Total 1 Types 1/0/0/0/0/0/0/0/0 Lore% 64 Gallery% 54 Achievement% 46 Wizard Run 0 Options --------- Layout 1 ASCII 0 Keyboard 1 Movement Numpad Keybinds 0 Fullscreen 1 Font 24/Smallcaps Map View 50x35 Zoom Use 0% Tactical HUD 1 Map Filters NONE Filters NONE Steam 1 RUN: 6ea32daf-7961-435d-82bd-22c5d8283441